 Dungeon Crawl Stone Soup version 0.21.1-1-g345015f (console) character file.

1477 fly the Cutter (level 8, -3/40 HPs)
             Began as a Spriggan Assassin on Apr 30, 2018.
             Was an Initiate of Gozag.
             Splashed by Ijyb's acid (13 damage)
             ... on level 5 of the Dungeon.
             The game lasted 00:16:51 (7141 turns).

fly the Cutter (Spriggan Assassin)                  Turns: 7141, Time: 00:16:53

Health: -3/40      AC:  3    Str:  7    XL:     8   Next: 49%
Magic:  18/18      EV: 22    Int: 12    God:    Gozag
Gold:   140        SH:  0    Dex: 20    Spells: 19/19 levels left

rFire    + . .     SeeInvis +   a - +2 dagger
rCold    . . .     Gourm    .   (shield restricted)
rNeg     . . .     Faith    .   y - +0 robe
rPois    .         Spirit   .   (helmet restricted)
rElec    .         Reflect  .   q - +0 cloak (curse)
rCorr    .         Harm     .   (gloves unavailable)
MR       +....                  (boots unavailable)
Stlth    ++++......             (no amulet)
HPRegen  0.13/turn              l - ring of protection from fire
MPRegen  0.16/turn              (no ring)

@: gold aura, very quick
A: very small, unfitting armour, see invisible, herbivore, speed 3, slow
metabolism 2
a: Potion Petition, Call Merchant, Bribe Branch, Renounce Religion


You were on level 5 of the Dungeon.
You worshipped Gozag.
Gozag was aware of your devotion.
You were not hungry.

You visited 2 branches of the dungeon, and saw 6 of its levels.

You collected 420 gold pieces.
You spent 220 gold pieces at shops.
You paid 60 gold pieces to Gozag.

Inventory:

Hand Weapons
 a - a +2 dagger (weapon)
 w - a +0 blowgun
Missiles
 e - 18 poisoned needles
 f - 3 curare-tipped needles
Armour
 q - a cursed +0 cloak (worn)
 y - a +0 robe (worn)
Magical Staves
 m - an uncursed staff of power
 n - an uncursed staff of fire
Jewellery
 l - a ring of protection from fire (left hand)
Wands
 o - a wand of disintegration (7)
Scrolls
 b - a scroll of enchant armour
 c - 3 scrolls of identify
 d - 2 scrolls of amnesia
 j - a scroll of enchant weapon
 k - 4 scrolls of remove curse
 t - a scroll of blinking {unknown}
Potions
 h - a potion of haste
 i - a potion of curing
 p - a potion of flight
 r - 2 potions of invisibility
 s - a potion of heal wounds
 u - a potion of berserk rage
Comestibles
 g - 8 rations


   Skills:
 - Level 3.0 Fighting
 + Level 7.8 Short Blades
 - Level 2.0 Throwing
 - Level 6.0 Dodging
 - Level 7.7 Stealth
 - Level 6.1 Spellcasting


You had 19 spell levels left.
You didn't know any spells.

Dungeon Overview and Level Annotations

Branches:
Dungeon (5/15)             Temple (1/1) D:4

Altars:
Ashenzari
Fedhas
Gozag
Hepliaklqana
Makhleb
Nemelex Xobeh
Okawaru
Ru
Sif Muna
Trog
Uskayaw
Vehumet
Wu Jian
Xom
Yredelemnul
Zin
The Shining One

Shops:
D:4 *(

Annotations:
D:5 Ijyb


Innate Abilities, Weirdness & Mutations

You are very small and have problems with some larger weapons.
You are too small for most types of armour.
You have supernaturally acute eyesight. (SInv)
You are a herbivore.
You cover ground extremely quickly.
You need consume almost no food.


Message History

You barely miss the bullfrog skeleton.
The bullfrog skeleton is severely damaged.
The bullfrog skeleton completely misses you.
You hit the bullfrog skeleton.
The bullfrog skeleton is almost destroyed.
The bullfrog skeleton closely misses you.
You hit the bullfrog skeleton.
You destroy the bullfrog skeleton!
You now have 140 gold pieces (gained 6).
Ijyb the Twisted Goblin comes into view.
Ijyb shouts!
Ijyb is nearby!
Ijyb is nearby!
An adder skeleton comes into view.
Ijyb zaps a wand.
The bolt of acid hits you!
Ouch! That really hurt!
* * * LOW HITPOINT WARNING * * *
You are splashed with acid!
The acid burns!
You die...
Your body crumbles into a pile of gold.

..............#
...................#
>..................#
...................#
..Z...........[....# $
...................#
#................#####
#.....................
#...g@................
#..........######.....
#..........+ #.....
#..........# #.....
#..........# ######
#..........#
#..........# $
#..........#
.........#


You could see Ijyb and an adder skeleton (wandering).

Vanquished Creatures
  The ghost of Verendum the Basher, a novice GrMo of Okawaru (D:5)
  A sky beast (D:4)
  2 ogres
  A howler monkey (D:3)
  2 hounds
  An orc priest (D:4)
  A jelly (D:4)
  3 orc wizards (D:4)
  A bullfrog skeleton (D:5)
  2 centaur skeletons (D:4)
  A gnoll shaman (D:4)
  2 worker ants
  31 gnolls
  6 adders
  An adder zombie (D:5)
  5 worms
  4 leopard geckos (D:3)
  2 orcs (D:4)
  2 ball pythons
  4 bats
  2 giant cockroaches
  7 goblins
  8 hobgoblins
  20 jackals
  3 quokkas
  4 frilled lizards
  8 kobolds
  7 rats
132 creatures vanquished.

Notes
Turn   | Place    | Note
-------+----------+-------------------------------------------
     0 | D:1      | fly the Spriggan Assassin began the quest for the Orb.
     0 | D:1      | Reached XP level 1. HP: 10/10 MP: 2/2
   167 | D:1      | Reached XP level 2. HP: 5/15 MP: 3/3
  1071 | D:2      | Noticed an ogre
  1072 | D:2      | Found a blossoming altar of Fedhas.
  1121 | D:2      | Killed an ogre
  1121 | D:2      | Reached XP level 3. HP: 18/18 MP: 3/9
  1121 | D:2      | Reached XP level 4. HP: 23/23 MP: 3/10
  1518 | D:2      | Found a sacrificial altar of Ru.
  2045 | D:3      | Reached XP level 5. HP: 27/27 MP: 11/11
  2644 | D:4      | Reached skill level 5 in Spellcasting
  2644 | D:4      | Reached XP level 6. HP: 17/32 MP: 14/14
  4082 | D:4      | Reached XP level 7. HP: 27/36 MP: 17/17
  4454 | D:4      | Found Nucvoeju's Weapon Boutique.
  4610 | D:4      | Reached skill level 5 in Dodging
  4844 | D:4      | Found a staircase to the Ecumenical Temple.
  4864 | Temple   | Entered the Ecumenical Temple
  5109 | Temple   | Became a worshipper of Gozag Ym Sagoz the Greedy
  5438 | D:4      | Found Xesog's Assorted Antiques.
  5540 | D:4      | Reached skill level 5 in Short Blades
  5580 | D:4      | Bought a scroll of identify for 66 gold pieces
  5580 | D:4      | Bought a scroll of identify for 66 gold pieces
  5922 | D:4      | HP: 1/36 [gnoll/whip (10)]
  6412 | D:4      | Reached XP level 8. HP: 40/40 MP: 18/18
  6903 | D:4      | Bought 2 viscous pink potions for 59 gold pieces
  6903 | D:4      | Bought a metallic red potion for 29 gold pieces
  6915 | D:5      | Entered Level 5 of the Dungeon
  6915 | D:5      | Found a sparkling altar of Nemelex Xobeh.
  7045 | D:5      | Noticed Verendum's ghost (novice GrMo)
  7082 | D:5      | Killed Verendum's ghost
  7137 | D:5      | Noticed Ijyb
  7141 | D:5      | Splashed by Ijyb's acid

Skill      XL: |  1  2  3  4  5  6  7  8 |
---------------+-------------------------+-----
Dodging        | 2 3 4 6 |  6.0
Fighting       | 2 3 |  3.0
Spellcasting   | 3 5 6 |  6.1
Short Blades   | 3 5 7 |  7.8
Stealth        | 6 7 |  7.7
Throwing       | |  2.0

Action                   |  1- 3 |  4- 6 |  7- 9 || total
-------------------------+-------+-------+-------++-------
Melee: Dagger            |    80 |   277 |   278 ||   635
 Fire: Blowgun           |     4 |    22 |    94 ||   120
Evoke: Wand              |       |       |     7 ||     7
  Use: Scroll            |       |     2 |     8 ||    10
 Stab: Sleeping          |     8 |    19 |     2 ||    29
       Distracted        |       |     1 |     3 ||     4
  Eat: Ration            |       |       |     2 ||     2
Armor: Robe              |    10 |    20 |    11 ||    41
Dodge: Dodged            |    62 |   205 |   201 ||   468
